Map: Lerilak Crest

Players

coffeeholic

  • Race: Zerg Zerg
  • League: Master

xKawaiian - Winner!

  • Race: Terran Terran
  • League: Master

VOD

Have the link to the VOD?

Description

Time

  • Played on: Jan. 9, 2016, 5:13 p.m.
  • Length: 7:59
Show
View Real Time Build Order
Export as new Build Order

coffeeholic Zerg 

Build Orders: Pool First 

Get SALT Encoding   

  12  0:18  Extractor  
  12  0:20  Spawning Pool  
  10  0:24  Drone  
  11  0:29  Drone  
  11  0:34  Drone  
  13  0:45  Overlord  
  13  1:08  Zergling x6  
  16  1:19  Metabolic Boost  
  16  1:20  Zergling x2  
  17  1:33  Queen, Zergling x2  
  20  1:42  Overlord  
  20  1:59  Drone  
  21  2:13  Hatchery  
  20  2:20  Drone x2  
  22  2:29  Drone  
  23  2:34  Queen  
  25  2:38  Drone  
  26  2:44  Drone  
  26  2:45  Drone  
  28  3:04  Overlord  
  27  3:10  Drone x2  
  28  3:22  Queen  
  28  3:24  Zergling x8  
  32  3:53  Zergling x12  
  32  3:54  Zergling x2  
  32  3:55  Queen  
  40  4:04  Drone x4  
  41  4:29  Zergling x6  
  41  4:31  Overlord  
  43  4:45  Zergling x6  
  42  4:49  Overlord  
  44  4:55  Drone x2  
  44  5:10  Zergling x2  
  44  5:11  Zergling x10  
  48  5:17  Queen x2  
  51  5:26  Zergling x6  
  52  5:35  Roach Warren  
  51  5:48  Zergling x2  
  52  5:50  Overlord  
  52  5:57  Overlord  
  52  6:08  Queen  
  51  6:21  Roach x4  
  51  6:23  Overlord x2  
  58  6:39  Overlord  
  58  6:44  Roach x4  
  66  6:54  Roach  
  66  6:55  Roach  
  66  6:59  Roach x3  
  66  7:01  Roach x3  
  82  7:04  Ravager  
  82  7:05  Overlord  
  82  7:29  Roach x5  
Show
View Real Time Build Order
Export as new Build Order

xKawaiian Terran - Winner!

Build Orders: MMM Bio 

Get SALT Encoding   

  12  0:00  SCV  
  13  0:13  SCV  
  14  0:25  SCV  
  15  0:28  Supply Depot  
  15  0:45  Refinery  
  15  0:50  SCV  
  15  0:51  Barracks  
  16  1:02  SCV  
  17  1:05  Barracks  
  17  1:14  SCV  
  17  1:15  Refinery  
  18  1:20  Barracks  
  18  1:26  SCV  
  18  1:31  Refinery  
  19  1:40  Reaper  
  19  1:46  Orbital Command  
  20  1:53  Reaper  
  21  1:59  Supply Depot  
  22  2:12  SCV  
  23  2:20  Reaper  
  24  2:24  SCV  
  24  2:28  Supply Depot  
  25  2:33  Reaper  
  25  2:36  SCV  
  26  2:40  Reaper  
  26  2:48  SCV  
  27  2:52  Reaper  
  28  3:00  SCV  
  29  3:05  Reaper  
  29  3:12  SCV, Reaper  
  32  3:24  SCV  
  32  3:25  Reaper  
  34  3:35  Command Center  
  34  3:36  SCV  
  34  3:38  Reaper  
  36  3:44  Reaper  
  36  3:48  SCV  
  37  3:57  Reaper  
  37  4:02  Supply Depot  
  38  4:10  Reaper  
  39  4:23  SCV  
  41  4:32  Command Center  
  41  4:35  SCV  
  40  4:46  Barracks Reactor, Barracks Tech Lab x2  
  40  4:48  SCV  
  40  4:50  Orbital Command  
  41  4:57  Factory  
  41  5:00  SCV  
  41  5:05  Stimpack, Marine  
  43  5:11  Marine  
  43  5:12  SCV  
  45  5:20  Orbital Command  
  46  5:23  Marine  
  46  5:24  Combat Shields, SCV  
  46  5:27  Engineering Bay, Marine  
  46  5:28  Marine  
  49  5:29  Marine  
  50  5:43  SCV  
  50  5:44  Starport, Factory Reactor  
  50  5:46  Marine x2  
  50  5:48  Marine  
  54  5:54  Marine  
  55  6:04  Orbital Command, Marine  
  56  6:10  Marine x2  
  58  6:18  Marine  
  57  6:19  SCV  
  57  6:21  Marine  
  57  6:22  SCV  
  61  6:31  SCV  
  61  6:32  SCV  
  63  6:34  SCV, Marine  
  63  6:35  Marauder, Medivac  
  63  6:39  Medivac  
  71  6:40  Factory Tech Lab  
  71  6:44  SCV, Marine  
  73  6:47  SCV  
  73  6:48  SCV  
  73  6:52  Refinery  
  75  6:55  Marauder  
  75  7:00  Supply Depot  
  77  7:02  Supply Depot  
  77  7:06  Concussive Shells  
  77  7:21  Marine x2  
  77  7:22  Marauder  
  84  7:24  Marauder, Medivac  
  84  7:25  Bunker  
  84  7:26  Bunker  
  91  7:39  Marine  
Tags
 
Composition
MMM Bio
Matchup
TvZ
Opening
Pool First
Player
xKawaiian
Add a new tag
Caveats
  • Supply blocks, unpowered buildings, or Contaminate may cause inaccurate times.
  • Supply counts are checked every 10 seconds.